Map: [ESL] Gresvan

Players

GuMiho - Winner!

  • Race: Terran Terran
  • Spawn Location: 11:00

Spirit

  • Race: Terran Terran
  • Spawn Location: 5:00

Event: ESL SC2 Masters 2023 Summer (Finals)

VOD

Have the link to the VOD?

Description

Time

  • Played on: June 17, 2023, 10:24 a.m.
  • Length: 28:23

All games in this series

Show
View Real Time Build Order
Export as new Build Order

GuMiho Terran - Winner!

Build Orders:  

Get SALT Encoding   

  12  0:00  SCV  
  13  0:12  SCV  
  14  0:16  Supply Depot  
  14  0:24  SCV  
  15  0:38  SCV  
  15  0:39  Barracks  
  16  0:42  Refinery  
  16  0:50  SCV  
  16  0:52  Refinery  
  17  1:02  SCV  
  18  1:14  SCV  
  19  1:26  Orbital Command, Reaper  
  20  1:33  Supply Depot  
  20  1:41  Factory  
  20  1:52  SCV  
  21  1:58  Reaper  
  22  2:04  SCV  
  23  2:16  SCV  
  24  2:26  Command Center  
  24  2:28  SCV  
  24  2:32  Barracks Reactor  
  24  2:34  Hellion  
  26  2:40  SCV  
  27  2:46  Supply Depot  
  27  2:50  Starport  
  27  2:52  SCV  
  27  2:56  Factory Tech Lab  
  28  3:05  SCV  
  28  3:14  Marine x2, Cyclone  
  28  3:17  SCV  
  34  3:29  SCV, Starport Tech Lab  
  34  3:32  Marine x2  
  36  3:41  Orbital Command  
  36  3:47  SCV  
  37  3:49  Cyclone  
  37  3:53  Banshee  
  43  3:59  SCV  
  44  4:03  Marine  
  44  4:04  Marine  
  44  4:07  SCV  
  47  4:11  Supply Depot  
  47  4:13  SCV  
  48  4:19  SCV  
  48  4:22  Refinery  
  48  4:23  Siege Tank  
  52  4:25  SCV  
  52  4:30  Marine  
  54  4:32  Marine, SCV  
  54  4:37  Supply Depot  
  54  4:38  SCV  
  57  4:42  Raven  
  57  4:44  SCV  
  60  4:50  SCV  
  59  4:53  Command Center  
  59  4:56  SCV  
  59  4:59  Siege Tank  
  63  5:04  Supply Depot  
  63  5:06  SCV  
  64  5:09  SCV  
  64  5:10  Refinery  
  64  5:13  Marine x2  
  67  5:18  Raven, SCV  
  70  5:25  SCV  
  70  5:27  Supply Depot  
  71  5:30  SCV  
  71  5:34  Siege Tank  
  75  5:37  SCV  
  75  5:42  SCV  
  80  5:50  SCV  
  80  5:52  Barracks  
  80  5:53  Barracks  
  80  5:54  SCV  
  79  6:00  Engineering Bay  
  79  6:02  SCV, Engineering Bay  
  80  6:04  Viking x2  
  80  6:06  Orbital Command, SCV  
  80  6:10  Siege Tank  
  88  6:14  SCV  
  88  6:18  SCV, Supply Depot  
  89  6:21  Marine  
  89  6:22  Stimpack  
  91  6:26  SCV  
  91  6:31  SCV  
  93  6:34  Viking x2  
  97  6:41  Marine  
  97  6:43  SCV x3  
  97  6:44  Terran Infantry Weapons Level 1  
  101  6:48  Terran Infantry Armor Level 1  
  100  6:54  Refinery  
  100  6:55  SCV x3  
  100  6:59  Refinery  
  103  7:01  Sensor Tower  
  103  7:03  Barracks Reactor  
  103  7:06  Barracks Reactor  
  103  7:07  SCV  
  103  7:08  SCV, Missile Turret  
  104  7:09  SCV  
  106  7:17  Supply Depot  
  106  7:18  Supply Depot  
  106  7:19  SCV  
  106  7:21  Missile Turret  
  106  7:22  SCV x2  
  109  7:30  Supply Depot  
  109  7:31  Supply Depot  
  109  7:35  Barracks, Armory  
  109  7:37  Barracks  
  109  7:39  SCV x3, Siege Tank  
  112  7:46  Marine x2  
  112  7:47  Marine x2  
  112  7:48  Marine  
  112  7:50  Medivac  
  122  7:51  SCV x3  
  122  7:52  Medivac  
  124  7:58  Supply Depot  
  124  7:59  Factory  
  124  8:04  Combat Shield  
  124  8:05  Marine  
  124  8:06  Marine x4  
  124  8:12  Siege Tank  
  132  8:16  SCV  
  132  8:17  SCV  
  134  8:23  Marine  
  134  8:27  Marine x2  
  134  8:33  Viking x2  
  141  8:43  Marine  
  141  8:45  Barracks Reactor x2  
  141  8:46  Factory Tech Lab, Siege Tank  
  141  8:47  Terran Infantry Weapons Level 2, Terran Infantry Armor Level 2  
  144  8:49  Command Center  
  144  8:56  Marine  
  145  9:03  Supply Depot  
  145  9:04  Supply Depot  
  145  9:06  Siege Tank  
  145  9:07  Supply Depot  
  148  9:15  Marine  
  149  9:24  Marine x2, Siege Tank  
  149  9:25  Marine x2  
  149  9:29  Marine x4  
  160  9:34  Medivac x2  
  160  9:38  Terran Vehicle Weapons Level 1, Siege Tank, Supply Depot  
  167  9:39  Supply Depot  
  167  9:41  Supply Depot  
  167  9:46  Command Center  
  167  9:47  Missile Turret  
  167  9:49  Marine, Command Center  
  167  9:50  Marine x3, Missile Turret  
  171  10:00  Siege Tank  
  171  10:01  Starport  
  171  10:04  Starport  
  172  10:25  Siege Tank  
  174  10:32  Siege Tank  
  176  10:38  Viking  
  176  10:39  Viking  
  176  10:42  Marine  
  181  10:43  Refinery x2  
  181  10:44  Sensor Tower  
  181  10:48  Starport Tech Lab x2  
  176  10:54  Marine  
  176  10:55  Marine x7  
  163  10:57  Siege Tank  
  163  10:59  Marine  
  163  11:01  Planetary Fortress  
  167  11:04  Siege Tank  
  167  11:08  Viking x2  
  174  11:12  Marine  
  174  11:13  Marine x5  
  174  11:16  Orbital Command x2  
  180  11:20  Terran Infantry Weapons Level 3  
  180  11:28  Terran Infantry Armor Level 3  
  177  11:34  Hellbat  
  177  11:35  Raven  
  177  11:39  Raven  
  180  11:45  Missile Turret x2  
  180  11:46  Command Center  
  180  11:47  Missile Turret  
  180  11:51  Missile Turret  
  180  11:52  Missile Turret  
  180  11:53  Missile Turret  
  180  12:05  Siege Tank x2  
  186  12:15  Viking x2  
  186  12:17  Viking  
  186  12:21  Missile Turret  
  186  12:22  Command Center  
  192  12:35  Viking  
  196  12:37  Siege Tank x2  
  193  12:45  Viking x2  
  193  12:47  Viking  
  193  12:49  Marine x3  
  188  12:58  Marine x3  
  188  12:59  Marine x3  
  188  13:05  Viking  
  186  13:06  Marine x2  
  186  13:07  Marine  
  180  13:15  Viking x2  
  180  13:16  Marine x6  
  180  13:17  Viking  
  182  13:24  Marine x3  
  183  13:34  Marine x6  
  183  13:35  Viking  
  191  13:42  Marine x3  
  191  13:44  Siege Tank x2  
  200  13:52  Marine x3  
  200  13:53  Raven  
  200  14:00  Marine x2  
  182  14:05  Raven  
  165  14:10  Marine x2  
  167  14:18  Marine x2, Medivac x2  
  167  14:19  Marine x4  
  167  14:20  Marine  
  167  14:22  Siege Tank x2  
  180  14:27  Viking  
  180  14:28  Marine x2  
  184  14:35  Marine, Planetary Fortress  
  184  14:36  Marine  
  184  14:37  Marine x3  
  184  14:38  SCV x2, Sensor Tower  
  191  14:39  Viking, Planetary Fortress  
  193  14:48  Medivac x2  
  193  14:52  Barracks  
  191  14:56  Missile Turret  
  191  14:57  Medivac  
  193  15:00  Barracks  
  193  15:03  Siege Tank  
  193  15:05  Sensor Tower  
  193  15:06  Barracks  
  196  15:09  Medivac  
  195  15:21  Marine  
  195  15:22  Marine x4  
  193  15:30  Siege Tank  
  193  15:32  Marine x3  
  193  15:35  Siege Tank  
  184  15:43  Marine x4  
  184  15:44  Marine  
  184  15:45  Marine x2  
  166  15:59  Marine x3  
  166  16:01  Marine x2, SCV  
  166  16:02  Marine x3  
  166  16:03  Marine x2  
  158  16:09  Missile Turret  
  155  16:13  Raven x2  
  155  16:17  Marine x3  
  150  16:19  Marine x4  
  150  16:20  Marine  
  150  16:21  Marine  
  150  16:22  Marine  
  120  16:35  Marine x3  
  120  16:36  Marine  
  120  16:37  Marine x2  
  117  16:44  Marine x3  
  117  16:45  Marine  
  119  16:47  Raven x2  
  119  16:48  Siege Tank  
  119  16:52  Marine x2  
  119  16:53  Marine  
  124  16:54  Marine  
  124  16:57  Marine x2  
  127  17:02  Marine x4  
  131  17:15  Marine  
  125  17:17  Marine x2  
  125  17:20  Marine x2  
  125  17:21  Raven  
  131  17:23  Marine x2  
  131  17:26  Marine x2  
  131  17:28  Marine  
  136  17:32  Marine  
  136  17:37  Marine x2  
  135  17:39  Marine x2  
  135  17:41  Marine x2  
  138  17:44  Marine  
  138  17:46  Marine  
  138  17:47  SCV x2  
  138  17:48  SCV x2  
  138  17:50  Marine  
  142  17:54  Marine  
  142  17:55  Marine  
  142  17:57  Marine  
  118  17:59  SCV  
  118  18:00  SCV  
  118  18:01  Marine x2  
  89  18:06  Marine x2  
  89  18:07  Marine  
  89  18:08  Marine  
  89  18:12  Marine x2  
  81  18:15  Marine  
  81  18:19  Marine x2  
  86  18:23  SCV  
  86  18:25  SCV  
  86  18:26  SCV  
  89  18:35  SCV  
  89  18:37  SCV, Siege Tank  
  89  18:38  SCV  
  95  18:46  Marine x2  
  95  18:47  SCV  
  98  18:51  Raven  
  98  18:52  Marine x2  
  98  18:55  Marine x2  
  103  18:58  Marine x3  
  105  19:04  Marine x2  
  106  19:10  Marine x2  
  106  19:13  Marine x2  
  106  19:16  Marine x3  
  112  19:22  Marine x2  
  106  19:25  Siege Tank  
  106  19:27  Marine x2  
  106  19:31  Marine x2  
  113  19:33  SCV  
  113  19:34  Marine x3  
  113  19:35  SCV  
  113  19:37  SCV  
  119  19:39  Marine x2  
  119  19:40  SCV  
  119  19:45  Marine x2  
  122  19:48  Marine  
  122  19:49  Marine  
  122  19:51  Marine  
  122  19:52  Marine  
  128  20:06  Marine x2  
  128  20:08  Marine x2  
  128  20:09  Marine x3  
  128  20:11  Marine x2  
  135  20:24  Marine x2  
  129  20:36  Marine  
  129  20:42  Marine x4  
  130  20:43  Marine x3  
  130  20:49  Marine  
  127  20:54  Marine  
  124  21:00  Marine x5  
  124  21:01  Marine  
  124  21:02  Marine  
  121  21:07  Marine  
  121  21:10  Missile Turret  
  122  21:12  Marine  
  122  21:18  Marine x6  
  124  21:20  Marine  
  124  21:25  Marine  
  130  21:29  Marine  
  127  21:35  Marine  
  100  21:41  Marine x2  
  100  21:42  Marine x5  
  72  21:47  Marine  
  72  21:53  Marine  
  72  21:58  SCV  
  72  21:59  Marine x4  
  72  22:00  Marine x3  
  80  22:05  SCV, Marine  
  82  22:11  Marine  
  82  22:14  SCV x2  
  85  22:40  Medivac x2  
  85  22:43  Marine x2  
  91  22:47  Marine x4  
  94  22:51  Medivac  
  92  22:59  Orbital Command  
  90  23:20  Marine x2  
  90  23:22  Marine  
  90  23:23  Marine  
  90  23:26  Marine  
  95  23:33  Marine  
  96  23:36  SCV  
  96  23:40  SCV  
  97  23:46  SCV  
  98  23:48  SCV  
  98  23:52  SCV  
  96  24:00  Marine x2  
  96  24:01  Marine x2  
  96  24:02  Marine x2  
  98  24:03  SCV  
  98  24:04  SCV x2  
  98  24:08  Marine x2  
  98  24:09  Marine  
  105  24:16  SCV x2  
  107  24:18  Marine x3  
  107  24:19  Marine  
  107  24:21  Marine x2  
  113  24:24  SCV  
  113  24:25  Marine  
  113  24:26  Marine  
  113  24:28  SCV x2  
  113  24:30  Siege Tank  
  121  24:32  Marine  
  121  24:36  Marine x3  
  121  24:37  Marine  
  126  24:41  Marine  
  126  24:42  Marine  
  126  24:44  Marine x2  
  130  24:53  Medivac  
  130  24:54  Medivac  
  130  24:59  Medivac  
  136  25:01  SCV  
  136  25:03  SCV  
  137  25:07  SCV  
  137  25:25  Siege Tank  
  140  25:30  Marine x2  
  140  25:31  Marine x5  
  140  25:33  Marine x2  
  148  25:48  Marine x3  
  149  25:55  Raven x2  
  153  26:05  Siege Tank  
  153  26:07  Marine x2  
  154  26:13  Marine  
  154  26:14  Marine x6  
  161  26:25  Marine x2  
  163  26:27  SCV x2  
  163  26:29  SCV  
  163  26:31  Marine x5  
  163  26:32  Marine x2  
  173  26:34  Raven  
  173  26:38  Refinery  
  175  26:47  Viking  
  127  27:08  Marine x2  
  127  27:11  Marine x4  
  127  27:12  Marine x3  
  135  27:16  SCV  
  135  27:17  SCV  
  137  27:26  Marine x2  
  137  27:29  Marine x5  
  143  27:30  Marine, Siege Tank  
  145  27:37  Marine  
  146  27:44  Marine x2  
  146  27:47  Marine x3  
  146  27:48  Marine x2  
  146  27:50  Marine  
  154  27:53  SCV x2  
  154  27:54  SCV, Marine  
  158  28:02  Marine x2  
  158  28:05  Marine x3  
Show
View Real Time Build Order
Export as new Build Order

Spirit Terran 

Build Orders:  

Get SALT Encoding   

  12  0:00  SCV  
  13  0:12  SCV  
  14  0:17  Supply Depot  
  14  0:24  SCV  
  15  0:39  Barracks, SCV  
  16  0:44  Refinery  
  16  0:51  SCV  
  16  0:52  Refinery  
  17  1:03  SCV  
  18  1:15  SCV  
  19  1:26  Reaper  
  19  1:27  Orbital Command  
  19  1:32  Supply Depot  
  20  1:42  Factory  
  20  1:52  SCV  
  21  1:58  Reaper  
  22  2:05  SCV  
  23  2:17  SCV  
  24  2:29  Hellion  
  25  2:31  SCV  
  25  2:33  Barracks Reactor  
  26  2:40  Command Center  
  27  2:44  SCV  
  27  2:47  Supply Depot  
  27  2:51  Widow Mine  
  29  2:56  SCV  
  29  2:57  Starport  
  30  3:08  SCV  
  30  3:10  Marine x2  
  30  3:12  Factory Tech Lab  
  33  3:20  SCV  
  34  3:28  Marine x2  
  34  3:32  SCV  
  37  3:42  Cyclone  
  39  3:48  Starport Tech Lab  
  39  3:57  Marine x2  
  39  3:58  Orbital Command, SCV  
  42  4:07  Raven  
  42  4:09  Command Center  
  44  4:10  SCV  
  44  4:15  Marine  
  46  4:19  Siege Tank  
  46  4:22  SCV  
  50  4:26  SCV  
  50  4:28  Marine  
  52  4:34  SCV  
  52  4:36  Marine, Supply Depot  
  54  4:45  Supply Depot  
  54  4:52  SCV x2  
  54  4:58  Raven  
  56  5:03  Factory Reactor  
  56  5:04  SCV x2  
  56  5:06  Barracks, Refinery  
  58  5:08  Barracks  
  58  5:10  Stimpack  
  58  5:16  SCV x2  
  60  5:21  Supply Depot  
  60  5:22  Orbital Command  
  60  5:26  Refinery  
  60  5:28  SCV x2, Marine  
  62  5:35  Raven  
  62  5:40  SCV x2  
  62  5:46  Marine  
  62  5:48  SCV  
  63  5:51  Engineering Bay  
  63  5:52  Engineering Bay, SCV x2  
  63  5:54  Marine  
  63  5:55  Marine  
  67  6:00  SCV  
  67  6:02  Marine  
  67  6:03  Marine  
  70  6:04  SCV x2  
  70  6:08  Supply Depot  
  72  6:16  SCV x2  
  72  6:18  Marine x2, Starport Reactor  
  74  6:19  Marine, Siege Tank  
  74  6:20  Missile Turret  
  74  6:22  Terran Infantry Weapons Level 1  
  74  6:23  Orbital Command  
  74  6:25  Marine, Terran Infantry Armor Level 1  
  81  6:28  SCV  
  81  6:30  SCV  
  81  6:31  Marine  
  84  6:36  Marine  
  84  6:39  Marine  
  86  6:40  SCV  
  86  6:42  SCV  
  86  6:43  Marine  
  89  6:48  SCV  
  89  6:50  Marine, Combat Shield  
  89  6:52  Marine  
  89  6:53  SCV  
  89  6:54  SCV, Siege Tank  
  95  6:55  Supply Depot  
  95  6:56  Supply Depot  
  95  7:00  Marine, SCV  
  98  7:03  Medivac  
  98  7:04  Marine  
  101  7:12  Supply Depot  
  101  7:17  Marine x3, Medivac, SCV x3  
  101  7:20  Armory, Supply Depot  
  101  7:22  Marine x2  
  110  7:29  SCV x2, Siege Tank  
  116  7:30  SCV  
  116  7:33  Medivac  
  116  7:34  Marine  
  120  7:38  Marine  
  120  7:43  Barracks  
  119  7:45  Barracks  
  119  7:47  Marine, Medivac  
  119  7:48  Marine  
  119  7:49  SCV  
  124  7:52  SCV  
  124  7:53  Refinery  
  124  7:54  Refinery  
  124  7:56  Marine, Supply Depot  
  124  7:57  Marine x2  
  128  8:01  Siege Tank  
  128  8:05  Marine  
  132  8:06  Marine  
  132  8:08  Supply Depot  
  133  8:14  Command Center  
  133  8:18  Marine, SCV x3  
  137  8:20  Marine  
  137  8:21  Marine  
  137  8:26  Terran Infantry Weapons Level 2, Terran Infantry Armor Level 2  
  139  8:28  Marine  
  139  8:29  Marine  
  139  8:30  SCV x2  
  143  8:35  Terran Vehicle Weapons Level 1  
  143  8:36  Barracks Reactor  
  143  8:38  Barracks Reactor  
  143  8:39  Marine  
  144  8:43  Marine x2  
  144  8:45  Viking  
  144  8:46  Marine  
  149  8:51  Supply Depot  
  149  8:53  Supply Depot  
  149  8:54  Supply Depot  
  149  9:02  Marine  
  149  9:11  Sensor Tower  
  149  9:13  Marine x5, SCV x3  
  149  9:14  Viking  
  159  9:19  Marine  
  159  9:20  Marine x2, Supply Depot  
  159  9:21  Marine  
  163  9:25  SCV x3  
  163  9:28  Sensor Tower  
  165  9:31  Marine  
  165  9:34  Medivac  
  165  9:36  Marine  
  165  9:37  SCV x3  
  172  9:43  Supply Depot  
  172  9:44  Marine, Medivac  
  175  9:48  Factory  
  175  9:49  Marine x2  
  175  9:50  Refinery  
  175  9:52  Planetary Fortress  
  177  9:53  SCV x2  
  177  9:57  Refinery  
  179  10:00  Command Center  
  179  10:08  Starport  
  179  10:11  Starport  
  179  10:14  Armory, Siege Tank  
  178  10:16  Marine  
  178  10:18  Marine  
  178  10:19  Marine  
  181  10:28  Viking  
  181  10:29  Viking, Command Center  
  184  10:49  Terran Infantry Weapons Level 3, Terran Infantry Armor Level 3  
  185  10:54  Marine x9  
  185  10:56  Siege Tank  
  187  10:58  Terran Vehicle Weapons Level 2  
  187  11:00  Starport Reactor x2  
  187  11:01  Starport Reactor  
  187  11:02  Terran Vehicle And Ship Armor Level 1  
  187  11:03  Fusion Core  
  185  11:04  Viking  
  185  11:09  Bunker, Missile Turret  
  185  11:10  Missile Turret  
  187  11:16  Missile Turret  
  187  11:17  Missile Turret  
  187  11:19  Missile Turret  
  187  11:20  Missile Turret  
  187  11:21  Missile Turret x2  
  187  11:24  Factory  
  185  11:28  Siege Tank  
  187  11:36  Viking  
  187  11:38  Missile Turret, Sensor Tower  
  187  11:41  Viking x2  
  187  11:43  Planetary Fortress  
  187  11:46  Orbital Command  
  191  11:52  Advanced Ballistics  
  191  12:00  Siege Tank  
  194  12:08  Factory Tech Lab  
  194  12:10  Factory Tech Lab  
  194  12:11  Factory  
  194  12:12  Command Center  
  194  12:16  Command Center  
  194  12:20  Viking x3  
  200  12:37  Starport  
  200  12:40  Starport  
  200  12:42  Command Center  
  194  12:45  Viking  
  194  12:46  Siege Tank  
  194  12:49  Viking x2  
  191  12:55  Siege Tank  
  191  12:56  Viking x3  
  173  13:06  Marine  
  173  13:07  Marine x3  
  176  13:15  Viking  
  176  13:19  Viking x2  
  173  13:26  Liberator x2, Viking x2  
  180  13:28  Marine  
  180  13:32  Bunker  
  181  13:34  Missile Turret  
  181  13:36  Marine  
  181  13:39  Marine, SCV  
  184  13:41  SCV  
  184  13:42  SCV  
  187  13:58  SCV  
  187  14:01  SCV  
  162  14:02  Marine  
  162  14:04  Marine  
  162  14:05  Marine, Siege Tank  
  162  14:07  Liberator  
  162  14:08  Liberator x4  
  179  14:11  Liberator  
  179  14:13  Planetary Fortress  
  174  14:19  SCV x2  
  174  14:20  Orbital Command  
  176  14:25  Terran Ship Weapons Level 1  
  176  14:29  SCV x2  
  180  14:31  SCV x2  
  180  14:35  Marine  
  183  14:38  Sensor Tower  
  183  14:39  Refinery x2  
  183  14:43  SCV x2  
  185  14:48  Terran Vehicle And Ship Armor Level 2  
  185  14:50  Siege Tank  
  190  14:56  Viking x5  
  196  15:03  Marine  
  196  15:06  Planetary Fortress  
  197  15:07  Marine x3  
  200  15:19  Neosteel Armor, Hi-Sec Auto Tracking  
  200  15:26  Marine  
  196  15:30  Marine  
  196  15:31  Marine x2  
  189  15:36  Marine  
  189  15:38  Marine  
  189  15:40  Marine x3, Siege Tank  
  189  15:42  Siege Tank  
  180  15:44  Marine  
  180  15:48  Marine x3  
  160  15:53  Marine  
  160  15:56  Marine  
  149  15:58  Marine x3  
  149  15:59  Liberator  
  149  16:01  Marine  
  151  16:09  Marine x3  
  150  16:11  Marine  
  150  16:14  Marine, Siege Tank  
  150  16:16  Marine x2  
  148  16:19  Marine  
  148  16:24  Marine  
  137  16:48  Starport Reactor  
  137  16:49  Viking x2  
  137  16:50  SCV x2  
  137  16:54  Marine  
  137  16:59  SCV  
  137  17:00  Marine  
  138  17:02  Marine  
  138  17:07  SCV  
  141  17:13  Marine  
  141  17:15  Orbital Command, SCV x2  
  143  17:19  SCV, Viking x2  
  148  17:24  Marine  
  148  17:26  Siege Tank  
  148  17:28  SCV  
  144  17:34  SCV, Marine  
  144  17:35  Marine  
  144  17:36  Marine, Factory Tech Lab  
  148  17:40  Orbital Command  
  148  17:41  Marine  
  149  17:45  Marine  
  149  17:48  Marine  
  149  17:49  Viking x2  
  155  17:58  Marine x2  
  140  18:03  Marine  
  140  18:05  Marine x5  
  100  18:06  Marine  
  100  18:12  Siege Tank  
  82  18:15  Marine x2  
  84  18:20  Refinery  
  84  18:21  Marine, SCV x3  
  84  18:23  Marine x2, SCV  
  84  18:27  Marine x2  
  91  18:29  SCV  
  91  18:32  Marine  
  91  18:33  SCV x2  
  91  18:34  SCV  
  95  18:37  Orbital Command  
  95  18:42  Factory  
  95  18:44  Siege Tank  
  95  18:46  SCV  
  95  18:48  SCV x2  
  97  18:51  Marine  
  98  18:57  Liberator, Marine  
  98  18:58  SCV  
  98  19:01  Marine  
  98  19:02  Marine  
  105  19:03  Marine  
  105  19:06  Marine  
  105  19:09  Marine  
  108  19:13  Marine  
  108  19:14  Marine x2  
  108  19:16  Marine  
  103  19:23  Marine  
  104  19:24  Liberator  
  104  19:26  Factory Tech Lab  
  104  19:29  Marine  
  104  19:30  SCV  
  104  19:31  SCV  
  110  19:32  Factory Tech Lab  
  110  19:34  SCV  
  110  19:37  SCV  
  112  19:38  Marine  
  112  19:41  Marine  
  112  19:43  SCV, Marine  
  116  19:49  Marine  
  116  19:52  Marine  
  117  19:53  Marine x4  
  117  19:56  Marine  
  122  20:02  Marine  
  123  20:09  Marine x3  
  123  20:11  Marine  
  123  20:13  Marine x3  
  130  20:14  Marine  
  130  20:15  Medivac x2  
  130  20:20  Marine, Medivac  
  138  20:24  Siege Tank  
  138  20:27  Marine  
  142  20:31  Marine x4  
  142  20:33  Marine  
  138  20:40  Liberator  
  138  20:41  Marine  
  142  20:44  Marine x2  
  142  20:45  Marine  
  142  20:49  Marine  
  146  20:51  Marine  
  146  20:53  Marine  
  146  20:58  Marine  
  144  21:20  Marine  
  144  21:21  Marine x2  
  143  21:30  Liberator  
  140  21:35  Marine  
  140  21:37  Marine  
  111  21:42  Orbital Command, Marine  
  111  21:46  Marine  
  80  22:00  Marine x3  
  83  22:03  Marine x2  
  83  22:05  Marine  
  83  22:12  Marine x2  
  85  22:18  Liberator  
  85  22:20  Marine  
  89  22:23  Marine x2  
  89  22:25  Marine  
  89  22:29  Marine  
  93  22:32  Liberator  
  93  22:34  Marine x2  
  98  22:43  Siege Tank  
  101  22:45  Marine  
  101  22:46  Marine x4  
  101  22:49  Marine  
  107  22:52  Marine  
  107  22:53  Marine  
  107  22:54  Marine  
  107  23:02  Marine  
  107  23:04  Marine x4  
  112  23:07  Marine  
  112  23:09  Siege Tank  
  112  23:10  Marine  
  116  23:13  Marine  
  117  23:21  Marine  
  118  23:39  Supply Depot  
  118  23:46  Marine  
  116  23:54  Marine  
  116  23:55  Marine  
  118  23:57  Raven  
  118  24:21  Orbital Command  
  117  24:31  Raven, Factory Tech Lab  
  117  24:36  Marine x6  
  125  24:54  Marine  
  126  25:36  Supply Depot  
  126  25:38  Marine  
  126  25:50  Orbital Command  
  126  25:57  Marine x3, Medivac, Siege Tank  
  126  25:59  Marine x4  
  126  26:00  Marine x2  
  129  26:15  Marine x3  
  129  26:17  Medivac  
  129  26:18  Bunker  
  134  26:42  Supply Depot  
  134  26:48  Marine x5  
  134  26:52  Marine x2  
  104  27:00  Marine  
  80  27:08  Marine  
  66  27:12  Marine  
  66  27:15  Raven  
  67  27:17  Marine  
  67  27:19  Marine  
  69  27:23  Marine  
  69  27:28  Marine  
  71  27:35  Marine  
  72  27:38  Marine  
  72  27:43  Marine  
  74  28:05  Marine  
Tags
 
Add a new tag
Caveats
  • Supply blocks, unpowered buildings, or Contaminate may cause inaccurate times.
  • Supply counts are checked every 10 seconds.